 Dungeon Crawl Stone Soup version 0.29-a0-451-gfbfa424 (webtiles) character file.

Game seed: 16832932295937733493

92887 Illumine the Warrior (level 15, -2/141 HPs)
             Began as a Minotaur Hunter on May 19, 2022.
             Was the Champion of Okawaru.
             Slain by an enormous slime creature (39 damage)
             ... on level 14 of the Dungeon.
             The game lasted 01:02:31 (23965 turns).

Illumine the Warrior (Minotaur Hunter)             Turns: 23965, Time: 01:02:32

Health: -2/141     AC: 10    Str: 16    XL:     15   Next: 59%
Magic:  20/20      EV: 24    Int: 12    God:    Okawaru [******]
Gold:   1914       SH:  0    Dex: 25    Spells: 14/18 levels left

rFire   + . .      SeeInvis +   b - +10 falchion "Voymmiek" {elec, Int+6}
rCold   + + .      Faith    +   (no shield)
rNeg    + + .      Spirit   .   y - +2 robe of Learamei {rN+ Dex+4}
rPois   .          Reflect  .   B - +2 hat {SInv}
rElec   .          Harm     .   R - scarf {rC+ rF+}
rCorr   .          Rampage  .   V - +0 pair of gloves
Will    +....                   i - +2 pair of boots of Lucidity {rN+ Regen+}
Stlth   ++........              N - amulet of faith
HPRegen 1.13/turn               U - ring of protection from cold
MPRegen 0.17/turn               Y - ring of wizardry

@: about to teleport
A: horns 2, retaliatory headbutt
a: Renounce Religion, Heroism, Finesse, Duel


You were on level 14 of the Dungeon.
You worshipped Okawaru.
Okawaru was exalted by your worship.
You visited 4 branches of the dungeon, and saw 23 of its levels.
You also visited: Bailey and Gauntlet.

You collected 2494 gold pieces.
You spent 580 gold pieces at shops.

Inventory:

Hand Weapons
 a - a +2 vorpal arbalest
 b - the +10 falchion "Voymmiek" (weapon) {elec, Int+6}
   (You found it on level 5 of the Lair of Beasts)

   It occasionally discharges a powerful burst of electricity upon striking a
   foe.
   Int:       It affects your intelligence (+6).
 v - the +6 scythe of Okawaru's Delight {spect, rF+ rC+ rN+ Will+}
   (You found it in a Gauntlet)

   When its wielder attacks, the weapon's spirit leaps out and strikes again.
   The spirit shares a part of any damage it takes with its wielder.
   rF:        It protects you from fire.
   rC:        It protects you from cold.
   rN:        It protects you from negative energy.
   Will:      It increases your willpower.
 K - the +12 mace of Abuse {flame, SInv}
   (You took it off a minotaur in a Gauntlet)

   It burns those it strikes, dealing additional fire damage.
   SInv:      It lets you see invisible.
 L - a +5 hand crossbow
 P - the +5 spear of an ice cave {speed, rPois rF+ rN+ Dex-4}
   (You took it off an orc on level 4 of the Dungeon)

   Attacks with this weapon are significantly faster.
   Dex:       It affects your dexterity (-4).
   rF:        It protects you from fire.
   rPois:     It protects you from poison.
   rN:        It protects you from negative energy.
Missiles
 d - 53 poisoned darts
Armour
 h - a +0 buckler
 i - the +2 pair of boots of Lucidity (worn) {rN+ Regen+}
   (You found it in a Gauntlet)

   rN:        It protects you from negative energy.
   Regen:     It increases your rate of health regeneration.
 w - the +8 plate armour "Bolloss" {Contam rElec Dex+3}
   (You found it in a Gauntlet)

   Dex:       It affects your dexterity (+3).
   rElec:     It insulates you from electricity.
   Contam:    It causes magical contamination when unequipped.
 y - the +2 robe of Learamei (worn) {rN+ Dex+4}
   (You found it on level 6 of the Dungeon)

   Dex:       It affects your dexterity (+4).
   rN:        It protects you from negative energy.
 A - the +1 cloak "Lovettuy" {rElec Int+2 Dex+3}
   (You bought it in a shop on level 9 of the Dungeon)

   Int:       It affects your intelligence (+2).
   Dex:       It affects your dexterity (+3).
   rElec:     It insulates you from electricity.
 B - a +2 hat of see invisible (worn)
 Q - the +0 ring mail of Pojufrit {-Tele rElec rN++ Will+}
   (You took it off an orc on level 4 of the Dungeon)

   rElec:     It insulates you from electricity.
   rN:        It greatly protects you from negative energy.
   -Tele:     It prevents most forms of teleportation.
   Will:      It increases your willpower.
 R - a scarf of resistance (worn)
 V - a +0 pair of gloves (worn)
Jewellery
 k - a ring of flight
 p - a ring of willpower
 C - a ring of poison resistance
 N - an amulet of faith (around neck)
 S - a ring of fire
 T - a +4 ring of protection
 U - a ring of protection from cold (left hand)
 W - a ring of protection from fire
 Y - a ring of wizardry (right hand)
Wands
 q - a wand of iceblast (8)
 u - a wand of flame (18)
 D - a wand of paralysis (9)
 F - a wand of acid (11)
 M - a wand of digging (16)
Scrolls
 c - 5 scrolls of immolation
 e - a scroll of poison
 s - 7 scrolls of teleportation
 t - 3 scrolls of enchant armour
 E - 8 scrolls of fear
 G - 2 scrolls of fog
 I - a scroll of magic mapping
 J - 4 scrolls of vulnerability
Potions
 f - 4 potions of berserk rage
 g - 10 potions of heal wounds
 j - 3 potions of attraction
 l - 4 potions of lignification
 m - 4 potions of might
 n - 6 potions of curing
 o - 3 potions of ambrosia
 r - 2 potions of mutation
 z - a potion of brilliance {unknown}
 H - 2 potions of magic {unknown}
 O - 4 potions of flight
Miscellaneous
 x - a tin of tremorstones (2/2)


   Skills:
 + Level 15.4 Fighting
 - Level 9.0(10.6) Short Blades
 * Level 9.7(11.5) Long Blades
 - Level 2.5(5.8) Axes
 - Level 8.3(8.5) Maces & Flails
 * Level 12.8 Crossbows
 - Level 13.3 Dodging
 - Level 0.7 Stealth
 - Level 8.6 Shields
 - Level 2.0 Spellcasting
 - Level 2.0 Hexes
 - Level 2.2 Translocations
 - Level 9.1 Invocations
 - Level 6.0 Evocations


You had 14 spell levels left.
You knew the following spells:

 Your Spells              Type           Power      Damage    Failure   Level
a - Apportation           Tloc           12%        N/A       4%          1
b - Portal Projectile     Hex/Tloc       12%        N/A       14%         3

Your spell library contained the following spells:

 Spells                   Type           Power      Damage    Failure   Level
 Freeze                   Ice            4%         1d3       11%         1
 Necrotize                Necr           4%         1d4       11%         1
 Shock                    Conj/Air       4%         1d3       11%         1
 Sting                    Tmut/Pois      4%         1d3       11%         1
 Poisonous Vapours        Pois/Air       2%         N/A       16%         2
 Static Discharge         Conj/Air       1%         N/A       16%         2
 Dazzling Flash           Conj/Hex       6%         N/A       21%         3
 Frozen Ramparts          Ice            2%         1d2       32%         3
 Ignite Poison            Fire/Tmut/Pois 1%         N/A       32%         3
 Swiftness                Air            1%         N/A       32%         3
 Cause Fear               Hex            3%         N/A       41%         4
 Iskenderun's Mystic Bla  Conj/Tloc      3%         2d3       52%         4
 Fulminant Prism          Conj/Hex       1%         3d6       54%         4
 Airstrike                Air            0%         N/A       69%         4
 Hailstorm                Conj/Ice       1%         3d3       69%         4
 Olgreb's Toxic Radiance  Pois           1%         N/A       69%         4
 Petrify                  Tmut/Erth      1%         N/A       69%         4
 Metabolic Englaciation   Hex/Ice        1%         N/A       86%         5
 Silence                  Hex/Air        1%         N/A       86%         5
 Agony                    Necr           1%         N/A       95%         5
 Blade Hands              Tmut           0%         N/A       95%         5
 Fireball                 Conj/Fire      0%         3d3       95%         5
 Iskenderun's Battlesphe  Conj           1%         2d6       95%         5
 Lee's Rapid Deconstruct  Erth           0%         3d5*      95%         5
 Lightning Bolt           Conj/Air       0%         1d11      95%         5
 Conjure Ball Lightning   Conj/Air       0%         3x3d6     100%        6
 Statue Form              Tmut/Erth      0%         N/A       100%        6
 Dragon Form              Tmut           0%         N/A       100%        7
 Orb of Destruction       Conj           0%         9d5       100%        7
 Borgnjor's Revivificati  Necr           0%         N/A       100%        8
 Maxwell's Capacitive Co  Air            0%         āˆž       100%        8
 Necromutation            Tmut/Necr      0%         N/A       100%        8
 Death's Door             Necr           0%         N/A       100%        9
 Summon Small Mammal      Summ           Unusable   N/A       N/A         1
 Tukima's Dance           Hex            Unusable   N/A       N/A         3
 Summon Cactus Giant      Summ           Unusable   N/A       N/A         6
 Dragon's Call            Summ           Unusable   N/A       N/A         9

Dungeon Overview and Level Annotations

Branches:
Dungeon (14/15)            Temple (1/1) D:7            Lair (6/6) D:11
  Swamp (0/4) Lair:2       Spider (0/4) Lair:3        Slime (0/5) Lair:6
    Orc (2/2) D:9             Elf (0/3) Orc:2        Vaults (0/5) D:13
 Bailey (visited)         Gauntlet (visited)

Altars:
Ashenzari
Elyvilon
Fedhas
Okawaru
Ru
Uskayaw
Xom
Beogh
Jiyva

Shops:
D:8 !   D:9 [   D:13 *   Orc:1 **   Orc:2 =!:(!

Annotations:
Lair:5 1 runed translucent door, Rupert; hashirbashr's ghost, journeyman DjEE


Innate Abilities, Weirdness & Mutations

You have a pair of horns on your head.
You reflexively headbutt those who attack you in melee.


Message History

b - the +10 falchion "Voymmiek" (weapon)
{elec, Int+6} You slice the cyclops!!
You kill the cyclops!
Okawaru accepts your kill.
Two slime creatures merge to form a large slime creature.
A slime creature comes into view.
Two slime creatures merge to form a very large slime creature.
Things that are here:
5 large rocks; a cyclops corpse You slash the very large slime creature!
You headbutt the very large slime creature!
The very large slime creature is lightly wounded.
Two slime creatures merge to form an enormous slime creature.
Things that are here:
an ugly thing corpse; an ugly thing corpse You see here an ugly thing corpse.
There is an open door here.
You slash the enormous slime creature!
You headbutt the enormous slime creature!
The enormous slime creature is lightly wounded.
The enormous slime creature barely misses you.
You furiously retaliate!
You headbutt the enormous slime creature!
You slash the enormous slime creature!
The enormous slime creature is moderately wounded.
The enormous slime creature misses you. You furiously retaliate!
You headbutt the enormous slime creature, but do no damage.
You slash the enormous slime creature!
The enormous slime creature is moderately wounded.
You hit the enormous slime creature.
The enormous slime creature is moderately wounded.
The enormous slime creature hits you!!
You slash the enormous slime creature!
Your headbutt misses the enormous slime creature.
The enormous slime creature is moderately wounded.
The enormous slime creature hits you!!!
* * * LOW HITPOINT WARNING * * *
As you read the scroll of teleportation, it crumbles to dust.
You feel strangely unstable. The enormous slime creature hits you!!!
You die...

#..# ##.# ####'##
#.....# #######
#.....# ......#
#.....# >......
#.....# #####......#
#.....###..(.......#
#...).@Jā€
.###......#
#.)...##### ......#
#..)..# #.#####
###'### .C #.))# #..
###)# #J# #........#
.J +........#
#........#


You could see an enormous slime creature.

Vanquished Creatures
  A minotaur (Gauntlet)
  Snorg (D:12)
  Fannar (D:12)
  3 catoblepae
  13 hydras
  2 vault guards (D:12)
  2 centaur warriors
  3 two-headed ogres
  A death knight (D:13)
  2 tengu warriors (D:13)
  An alligator (Lair:6)
  3 orc high priests
  A fire crab (Lair:4)
  4 skeletal warriors (D:13)
  An orb spider (Lair:3)
  A wizard (D:13)
  2 bog bodies (Lair:2)
  4 orc knights (Orc:2)
  2 deep elf pyromancers
  4 necromancers
  11 ugly things
  3 cyclopes
  6 orc sorcerers
  Maurice (D:13)
  A manticore (D:13)
  9 elephants (Lair:6)
  5 black mambas
  Joseph (D:7)
  12 cane toads
  A kobold demonologist (D:11)
  6 rime drakes
  7 komodo dragons
  3 trolls
  7 hornets
  4 polar bears
  21 blink frogs
  Grinder (D:6)
  5 dream sheep (Lair:6)
  The ghost of SuisLittleHoshiymin the Sneak, an amateur OpTm (D:4)
  12 slime creatures
  Sigmund (D:2)
  17 spriggans
  2 vampires
  A shadow (D:9)
  50 yaks
  9 wyverns
  18 humans
  2 wraiths
  4 basilisks
  3 steam dragons
  10 vampire mosquitoes
  5 wargs
  2 swamp worms
  16 water moccasins
  20 orc warriors
  7 black bears
  5 ice beasts
  15 ogres
  59 wolves
  3 boggarts (Lair:6)
  14 centaurs
  2 kobold brigands (D:8)
  4 bullfrogs
  2 scorpions
  2 gnoll sergeants
  A necrophage (D:7)
  12 wights
  13 killer bees
  A howler monkey (D:2)
  2 electric eels
  2 vampire bats (Lair:1)
  3 hounds
  3 jellies
  17 orc priests
  2 gnoll shamans (D:8)
  Terence (D:2)
  2 iguanas
  16 orc wizards
  Robin (D:2)
  21 gnolls
  6 adders
  2 white imps
  3 ufetubi
  2 worms
  3 dart slugs
  43 orcs
  6 endoplasms
  7 giant cockroaches
  14 goblins
  15 hobgoblins
  8 jackals
  3 quokkas
  6 ball pythons
  12 bats
  7 frilled lizards
  16 kobolds
  4 rats
696 creatures vanquished.

Vanquished Creatures (others)
  25 fungi
  59 plants
  A withered plant (Gauntlet)
85 creatures vanquished.

Grand Total: 781 creatures vanquished

Notes
Turn   | Place    | Note
-------+----------+-------------------------------------------
     0 | D:1      | Illumine the Minotaur Hunter began the quest for the Orb.
     0 | D:1      | Reached XP level 1. HP: 18/18 MP: 0/0
   134 | D:1      | Reached XP level 2. HP: 25/25 MP: 1/1
   224 | D:1      | Reached skill level 5 in Crossbows
   304 | D:1      | Found a faded altar of an unknown god.
   731 | D:1      | Reached XP level 3. HP: 28/30 MP: 2/2
   820 | D:1      | Reached skill level 1 in Shields
   848 | D:2      | Noticed Terence
   921 | D:2      | Noticed Sigmund
  1464 | D:2      | Reached XP level 4. HP: 37/37 MP: 3/3
  2087 | D:3      | Reached XP level 5. HP: 18/42 MP: 4/4
  2566 | D:3      | Found a hide-covered altar of Uskayaw.
  3022 | D:4      | Reached skill level 3 in Fighting
  3119 | D:4      | Reached XP level 6. HP: 50/51 MP: 5/5
  3381 | D:4      | Found a runed translucent gate.
  3382 | D:4      | Found a runed translucent gate.
  3382 | D:4      | Identified the +5 spear of an ice cave {speed, rPois rF+
                  | rN+ Dex-4}
  3382 | D:4      | Identified the +0 ring mail of Pojufrit {-Tele rElec rN++
                  | Will+}
  3383 | D:4      | Found a runed translucent gate.
  3384 | D:4      | Noticed SuisLittleHoshiymin's ghost (amateur OpTm)
  3640 | D:5      | Entered Level 5 of the Dungeon
  3694 | D:5      | Noticed a water moccasin
  4018 | D:5      | Killed a water moccasin
  4019 | D:5      | Reached XP level 7. HP: 51/58 MP: 6/6
  4067 | D:5      | Reached skill level 4 in Fighting
  4598 | D:6      | Reached skill level 5 in Fighting
  4793 | D:6      | Noticed Grinder
  4934 | D:6      | Reached XP level 8. HP: 62/68 MP: 7/7
  5133 | D:6      | Reached skill level 5 in Dodging
  5288 | D:6      | Identified the +2 robe of Learamei {rN+ Dex+4}
  5394 | D:6      | Reached skill level 6 in Fighting
  5544 | D:7      | Reached skill level 10 in Crossbows
  5580 | D:6      | Reached skill level 1 in Axes
  5605 | D:6      | Reached XP level 9. HP: 10/78 MP: 8/8
  5676 | D:6      | Killed Grinder
  5677 | D:6      | Reached skill level 7 in Fighting
  5792 | D:7      | Reached skill level 1 in Short Blades
  5946 | D:7      | Noticed Joseph
  5988 | D:7      | Reached skill level 1 in Evocations
  5999 | D:7      | Found a staircase to the Ecumenical Temple.
  6008 | Temple   | Entered the Ecumenical Temple
  6020 | Temple   | Became a worshipper of Warmaster Okawaru
  6210 | D:7      | Reached skill level 8 in Fighting
  6418 | D:2      | Killed Sigmund
  6418 | D:2      | Reached * piety under Okawaru
  6423 | D:2      | Killed Terence
  6600 | D:2      | Noticed Robin
  6616 | D:2      | Killed Robin
  7582 | D:7      | Reached XP level 10. HP: 28/90 MP: 9/9
  7794 | D:8      | Paralysed by a hornet for 3 turns
  7978 | D:8      | Reached ** piety under Okawaru
  7987 | D:8      | Reached skill level 9 in Fighting
  8119 | D:8      | Reached skill level 5 in Short Blades
  8143 | D:8      | Found Bucostrad's Distillery.
  8151 | D:8      | Bought a potion of degeneration for 11 gold pieces
  8165 | D:8      | Bought a potion of curing for 33 gold pieces
  9066 | D:9      | Reached *** piety under Okawaru
  9117 | D:9      | Found Siedurch's Armour Emporium.
  9119 | D:9      | Found a staircase to the Orcish Mines.
  9125 | D:9      | Bought the +1 cloak "Lovettuy" {rElec Int+2 Dex+3} for 476
                  | gold pieces
  9353 | D:10     | Entered Level 10 of the Dungeon
  9406 | D:10     | Found a flagged portal.
  9426 | Bailey   | Entered a bailey
  9521 | Bailey   | Reached skill level 10 in Fighting
  9531 | Bailey   | Reached skill level 1 in Invocations
  9636 | Bailey   | Reached skill level 5 in Evocations
  9655 | Bailey   | Noticed a two-headed ogre
  9672 | Bailey   | Killed a two-headed ogre
  9672 | Bailey   | Reached **** piety under Okawaru
  9673 | Bailey   | Reached XP level 11. HP: 94/100 MP: 7/11
 10048 | D:10     | Noticed a deep elf pyromancer
 10052 | D:10     | Killed a deep elf pyromancer
 10160 | D:10     | Noticed a two-headed ogre
 10170 | D:10     | Killed a two-headed ogre
 10275 | D:10     | Reached ***** piety under Okawaru
 10759 | D:11     | Reached skill level 10 in Dodging
 10764 | D:11     | Found a staircase to the Lair.
 10791 | D:11     | Found a gate leading to a gauntlet.
 10812 | Gauntlet | Entered a Gauntlet
 10812 | Gauntlet | Found a transporter.
 10816 | Gauntlet | Found a transporter.
 10818 | Gauntlet | Found a transporter.
 10840 | Gauntlet | Found a transporter.
 10842 | Gauntlet | Found a transporter.
 10848 | Gauntlet | Noticed a large abomination
 10857 | Gauntlet | Found a transporter.
 10873 | Gauntlet | Found a transporter.
 10883 | Gauntlet | Found a transporter.
 10886 | Gauntlet | Noticed an orange crystal statue
 10893 | Gauntlet | Found a transporter.
 10895 | Gauntlet | Noticed an orange crystal statue
 10909 | Gauntlet | Found a transporter.
 10919 | Gauntlet | Found a transporter.
 10922 | Gauntlet | Found a transporter.
 10965 | Gauntlet | Found a transporter.
 11031 | Gauntlet | Identified the +2 pair of boots of Lucidity {rN+ Regen+}
 11034 | Gauntlet | Noticed a wizard
 11034 | Gauntlet | Noticed a soul eater
 11057 | Gauntlet | Identified the +12 mace of Abuse {flame, SInv}
 11057 | Gauntlet | Noticed a minotaur
 11068 | Gauntlet | Killed a minotaur
 11069 | Gauntlet | Reached skill level 11 in Fighting
 11119 | Gauntlet | Identified the +6 scythe of Okawaru's Delight {spect, rF+
                  | rC+ rN+ Will+}
 11119 | Gauntlet | Identified the +8 plate armour "Bolloss" {Contam rElec
                  | Dex+3}
 11120 | Gauntlet | Got the Reference Book on Toxic Calling
 11310 | D:11     | Received a gift from Okawaru
 12204 | D:4      | Killed SuisLittleHoshiymin's ghost
 12306 | D:7      | Killed Joseph
 12414 | Lair:1   | Entered Level 1 of the Lair of Beasts
 12613 | Lair:1   | Reached skill level 1 in Maces & Flails
 12743 | Lair:1   | Reached XP level 12. HP: 91/110 MP: 14/14
 12835 | Lair:1   | Reached skill level 5 in Invocations
 13144 | Lair:1   | Noticed a six-headed hydra
 13152 | Lair:1   | Killed a six-headed hydra
 13410 | Lair:1   | Reached skill level 12 in Fighting
 13510 | Lair:2   | Found a staircase to the Swamp.
 13527 | Lair:2   | Received a gift from Okawaru
 13527 | Lair:2   | HP: 5/112 [bog body (19)]
 13706 | Lair:2   | Noticed a catoblepas
 13748 | Lair:2   | Received a gift from Okawaru
 13864 | Lair:2   | Killed a catoblepas
 13864 | Lair:2   | Reached ****** piety under Okawaru
 13864 | Lair:2   | Received a gift from Okawaru
 13865 | Lair:2   | Reached skill level 5 in Maces & Flails
 15097 | Lair:3   | Noticed a seven-headed hydra
 15109 | Lair:3   | Identified the +2 robe "Eniluosm" {Regen+ Int+4} (Okawaru
                  | gifted it to you on level 3 of the Lair of Beasts)
 15109 | Lair:3   | Received a gift from Okawaru
 15118 | Lair:3   | Reached skill level 13 in Fighting
 15129 | Lair:3   | Reached XP level 13. HP: 111/122 MP: 17/17
 15233 | Lair:3   | Reached skill level 5 in Shields
 15380 | Lair:3   | Found a hole to the Spider Nest.
 16077 | Lair:4   | Received a gift from Okawaru
 16269 | Lair:4   | Received a gift from Okawaru
 16895 | Lair:4   | You fall into a shaft and drop 2 floors!
 16895 | Lair:6   | Entered Level 6 of the Lair of Beasts
 17051 | Lair:5   | Identified the +10 falchion "Voymmiek" {elec, Int+6}
 17181 | Lair:5   | Found a runed translucent door.
 17181 | Lair:5   | Found a shimmering altar of Xom.
 17181 | Lair:5   | Noticed hashirbashr's ghost (journeyman DjEE)
 17297 | Lair:5   | Noticed Rupert
 17348 | Lair:6   | Found a viscous altar of Jiyva.
 17350 | Lair:6   | Found a staircase to the Slime Pits.
 17357 | Lair:6   | Reached skill level 1 in Long Blades
 17370 | Lair:6   | Reached skill level 14 in Fighting
 17443 | Lair:6   | Received a gift from Okawaru
 17621 | Lair:6   | Reached XP level 14. HP: 131/132 MP: 19/19
 18191 | Lair:6   | Received a gift from Okawaru
 18553 | Lair:6   | Received a gift from Okawaru
 18692 | Lair:6   | Reached skill level 5 in Long Blades
 19250 | Orc:1    | Entered Level 1 of the Orcish Mines
 19325 | Orc:2    | Entered Level 2 of the Orcish Mines
 19381 | Orc:2    | Found a staircase to the Elven Halls.
 19505 | Orc:2    | Found Osaon's Jewellery Shop.
 19765 | Orc:2    | Received a gift from Okawaru
 19765 | Orc:2    | Found the +3 pair of seven-league boots {Rampage+āˆž}
 19880 | Orc:1    | Found Bigg's Specific Store.
 19882 | Orc:1    | Found Rovol's General Store.
 19886 | Orc:1    | Bought a potion of heal wounds for 60 gold pieces
 20356 | Orc:2    | Found Genucodwips's Distillery.
 20372 | Orc:2    | Found Jagesh's Distillery.
 20478 | Orc:2    | Found Ficla's Weapon Shoppe.
 20478 | Orc:2    | Found Pagoisyk's Book Shoppe.
 20516 | Orc:2    | Learned a level 1 spell: Apportation
 20520 | Orc:2    | Learned a level 3 spell: Portal Projectile
 21236 | D:12     | Noticed Fannar
 21256 | D:12     | Killed Fannar
 21305 | D:12     | Found a broken altar of Ashenzari.
 21561 | D:12     | Noticed Snorg
 21578 | D:12     | Killed Snorg
 21579 | D:12     | Reached skill level 15 in Fighting
 21579 | D:12     | Reached XP level 15. HP: 74/141 MP: 17/20
 21808 | D:12     | Reached skill level 1 in Translocations
 22006 | D:13     | Reached skill level 1 in Spellcasting
 22041 | D:13     | Reached skill level 1 in Hexes
 22336 | D:13     | HP: 5/141 [skeletal warrior/+2 vorpal hand axe (25)]
 22507 | D:13     | Found a white marble altar of Elyvilon.
 22562 | D:13     | Noticed Maurice
 22567 | D:13     | Killed Maurice
 22718 | D:13     | Received a gift from Okawaru
 23320 | D:13     | Found a gate to the Vaults.
 23384 | D:13     | Found Koviha's General Store.
 23965 | D:14     | Slain by an enormous slime creature

Illustrated notes

Levels and vault maps discovered:
D:1:      minmay_arrival_stone_box, layout_basic,
          chequers_ecumenical_altar_simple_redux
D:2:      layout_loops_corners, kennysheep_generic_room_6, uniq_sigmund,
          uniq_terence, uniq_robin
D:3:      layout_basic, lemuel_crystal_altar, eino_curves_04,
          serial_bayou_crossing
D:4:      layout_loops_cross, biasface_ghost_orc_armoury
D:5:      layout_rooms, hangedman_decor_riveting
D:6:      layout_rooms, uniq_grinder
D:7:      layout_cave_pools, minmay_temple_entry_junction, uniq_joseph
D:8:      layout_loops_ring, serial_shops, shop, nicolae_grassy_gnolls
D:9:      layout_irregular_city, orc_david_3
D:10:     layout_loops_corners, enter_bailey_7
D:11:     layout_gridville, erik_lair_orcish_takeover, gauntlet_entry_generic
D:12:     layout_basic, nicolae_ashenzari_panopticon, uniq_snorg, uniq_fannar
D:13:     layout_loops_cross, grunt_vaults_entry_tiered, serial_shops,
          kennysheep_little_box, serial_bayou_pond_b, elyvilon_altar_1,
          uniq_maurice
D:14:     layout_roguey, chequers_serial_rivers_micro_e, hex_medium
Temple:   mainiacjoe_temple_circle_huts
Lair:1:   layout_regular_city, grunt_forest_small_clearings, roderic_batcave,
          grunt_megastairs_3
Lair:2:   layout_cave_pods, nicolae_swamp_entry_splash_gauntlet,
          grunt_megastairs_4, lemuel_fruit_tree
Lair:3:   layout_regular_city, nicolae_spider_entry_orb_guardian,
          grunt_forest_large_clearings, lemuel_fruit_fields
Lair:4:   layout_cave_pods, special_room [special_room_bee]
Lair:5:   layout_gridlike, ebering_ghost_xom, uniq_rupert
Lair:6:   minmay_lair_end_enchanted_forest, layout_small_grid, slime_altar_1
Orc:1:    layout_caves, nicolae_specific_store, library_closet
Orc:2:    st_orc_elflike, layout_caves, serial_shops,
          nicolae_shop_advertising_works [nicolae_subvault_shop_adworks]

Skill      XL: |  1  2  3  4  5  6  7  8  9 10 11 12 13 14 15 |
---------------+----------------------------------------------+-----
Crossbows      | 5 6 7 8 10 11 12 | 12.8
Shields        | 2 3 4 7 8 |  8.6
Fighting       | 3 5 6 8 10 11 13 14 15 | 15.4
Dodging        | 3 4 6 7 9 10 12 13 | 13.3
Axes           | 1 2 |  2.5
Short Blades   | 3 6 8 9 |  9.0
Evocations     | 3 5 6 |  6.0
Invocations    | 1 4 7 8 9 |  9.1
Maces & Flails | 2 6 8 |  8.3
Long Blades    | 2 7 9 |  9.7
Translocations | 2 |  2.2
Spellcasting   | 2 |  2.0
Hexes          | 2 |  2.0
Stealth        | |  0.7

Action                   |  1- 3 |  4- 6 |  7- 9 | 10-12 | 13-15 || total
-------------------------+-------+-------+-------+-------+-------++-------
Melee: Dagger            |       |     6 |   177 |   239 |       ||   422
       Headbutt          |       |     3 |    47 |   111 |   209 ||   370
       Punch             |       |       |     1 |       |     8 ||     9
       War axe           |       |       |    19 |       |       ||    19
       Short sword       |       |       |       |     7 |       ||     7
       Mace              |       |       |       |   196 |   224 ||   420
       Falchion          |       |       |       |       |   628 ||   628
 Fire: Hand crossbow     |    96 |   135 |   164 |   430 |   161 ||   986
       Arbalest          |       |       |       |       |   286 ||   286
 Cast: Portal Projectile |       |       |       |       |     1 ||     1
Invok: Heroism           |       |       |     1 |     5 |     6 ||    12
Evoke: Wand              |       |       |       |       |     4 ||     4
  Use: Scroll            |       |     6 |     5 |    16 |    12 ||    39
       Potion            |       |       |     1 |     1 |     1 ||     3
 Stab: Sleeping          |       |       |       |     2 |     2 ||     4
Armor: Leather armour    |    14 |     5 |    16 |       |       ||    35
       Robe              |       |       |    15 |    47 |   191 ||   253
       Skin              |       |       |     1 |       |       ||     1
Dodge: Dodged            |    22 |    27 |   155 |   329 |   938 ||  1471
Block: Buckler           |       |       |    51 |   136 |    66 ||   253
       Kite shield       |       |       |       |       |   288 ||   288

Table legend: (Time is in decaauts)
 A = Elapsed time spent in this place.
 B = Non-inter-level travel time spent in this place.
 C = Inter-level travel time spent in this place.
 D = Time resting spent in this place.
 E = Time spent auto-exploring this place.
 F = Levels seen in this place.
 G = Mean time per level.
                   A        B        C        D        E       F      G
               +--------+--------+--------+--------+--------+-----+--------+
         Total |  23945 |  22550 |   1395 |   3695 |  12502 |  25 |  957.8 |
       Dungeon |  14842 |  13810 |   1032 |   2448 |   7938 |  14 | 1060.1 |
        Temple |     23 |     13 |     10 |      0 |      4 |   1 |   23.0 |
          Lair |   6811 |   6512 |    299 |    931 |   3659 |   6 | 1135.2 |
  Orcish Mines |   1595 |   1542 |     53 |    194 |    850 |   2 |  797.5 |
        Bailey |    356 |    356 |      0 |     66 |     33 |   1 |  356.0 |
      Gauntlet |    315 |    315 |      0 |     55 |     18 |   1 |  315.0 |
               +--------+--------+--------+--------+--------+-----+--------+

Top non-repeatable levels by time:
  Lair:6: 1807 daAuts
     D:2: 1449 daAuts
    D:12: 1387 daAuts
    D:13: 1267 daAuts
  Lair:2: 1198 daAuts
     D:5: 1180 daAuts
  Lair:3: 1174 daAuts
  Lair:1: 1164 daAuts
     D:3: 1137 daAuts
     D:6: 1137 daAuts
   Orc:2: 1122 daAuts
     D:8: 1105 daAuts
    D:10: 1089 daAuts
  Lair:4: 1073 daAuts
    D:11: 1060 daAuts
